 Dungeon Crawl Stone Soup version 0.18.1-8-gdd0e5ea (webtiles) character file.

383 zeroDi the Sneak (level 6, -6/30 HPs)
             Began as a Vine Stalker Assassin on May 22, 2016.
             Was an Initiate of Okawaru.
             Mangled by a spriggan
             ... wielding a +0 dagger
              (8 damage)
             ... on level 5 of the Dungeon.
             The game lasted 00:07:05 (2780 turns).

zeroDi the Sneak (Vine Stalker Assassin)            Turns: 2780, Time: 00:07:05

Health: -6/30      AC:  4    Str: 13    XL:     6   Next: 76%
Magic:  0/7        EV: 11    Int: 11    God:    Okawaru [......]
Gold:   174        SH:  4    Dex: 18    Spells: 0 memorised, 5 levels left

rFire  . . .     SeeInvis .     b - +0 blowgun
rCold  . . .     Gourm    .     c - +0 robe
rNeg   . . .     Faith    .     x - +0 buckler
rPois  .         Spirit   +     y - +0 helmet
rElec  .         Dismiss  .     d - +0 cloak
rCorr  .         Reflect  .     (no gloves)
SustAt .         Harm     .     (no boots)
MR     .....                    (no amulet)
Stlth  ++++......               (no ring)
                                (no ring)

@: not resistant to hostile enchantments, stealthy
A: fangs 2, regeneration 2, magic shield, antimagic bite, no device heal 3, rot
immunity
a: Renounce Religion


You were on level 5 of the Dungeon.
You worshipped Okawaru.
Okawaru was noncommittal.
You were not hungry.

You visited 1 branch of the dungeon, and saw 5 of its levels.

You collected 174 gold pieces.


Innate Abilities, Weirdness & Mutations

You have extremely sharp teeth.
You heal very quickly.
When hurt, damage is shared between your health and your magic reserves.
Your bite disrupts and absorbs the magic of your enemies.
Potions and wands cannot restore your health.
You are immune to rotting.


   Skills:
 - Level 1.7 Fighting
 - Level 5.0 Short Blades
 - Level 1.7 Throwing
 - Level 0.7 Dodging
 + Level 7.4 Stealth


You had 5 spell levels left.
You didn't know any spells.

Inventory:

Hand Weapons
 a - a +2 dagger
 b - a +0 blowgun (weapon)
Missiles
 e - 10 poisoned needles (quivered)
 f - 2 curare-tipped needles {=f}
 s - 7 needles of sleeping
Armour
 c - a +0 robe (worn)
 d - a +0 cloak (worn)
 x - a +0 buckler (worn)
 y - a +0 helmet (worn)
Jewellery
 t - a cursed ring of loudness {unknown}
 F - a +5 amulet of reflection {unknown}
Scrolls
 h - a scroll of fear {unknown}
 l - 4 scrolls of blinking {unknown}
 o - a scroll of enchant armour {unknown}
 q - 5 scrolls of identify {unknown}
 u - 4 scrolls of remove curse {unknown}
 w - 5 scrolls of teleportation {unknown}
 B - a scroll of enchant weapon {unknown}
 C - a scroll of fog {unknown}
 G - a scroll of magic mapping {unknown}
Potions
 i - a potion of lignification {unknown}
 j - 2 potions of brilliance {unknown}
 k - a potion of resistance {unknown}
 m - a potion of magic {unknown}
 n - a potion of berserk rage {unknown}
 p - 2 potions of flight {unknown}
 r - a potion of curing {unknown}
 v - a potion of agility {unknown}
 z - a potion of cancellation {unknown}
 A - 4 potions of invisibility {unknown}
 D - a potion of haste {unknown}
Comestibles
 g - 2 bread rations
 E - a chunk of flesh

Dungeon Overview and Level Annotations

Branches:
Dungeon (5/15)             Temple (0/1) D:4

Altars:
Dithmenos
Fedhas
Gozag
Makhleb
Okawaru
Pakellas
Qazlal
Sif Muna
Yredelemnul
The Shining One

Annotations:
D:5 ThereIsNoGod's ghost, novice OpAs

♣ #.# ♣ #.# #.# #.#
#.# #.# #.# ########
#####.# .......#
#..@#.# ....##)#
#######i#.#
..#.#..###.......#.#
.....(.....#####.#.#
#>....###..#######.#
...........##.#....#
##########.##.#.####
# #.#......# #
#....#.###


You could see a spriggan.


Message History

The spriggan hits you with a dagger.
* * * LOW HITPOINT WARNING * * *
Firing (i - inventory. (,) - cycle):
e - 11 poisoned needles (quivered)
Press: ? - help, Shift-Dir - straight line, f/p - spriggan
Aim: a spriggan, wielding a dagger and wearing a robe (almost dead)
You shoot a poisoned needle. The poisoned needle hits the spriggan.
The spriggan is poisoned.
The spriggan is almost dead.
The spriggan hits you but does no damage.
The spriggan hits you with a dagger!
* * * LOW HITPOINT WARNING * * *
The spriggan hits you with a dagger.
* * * LOW HITPOINT WARNING * * *
You block the spriggan's attack.
The spriggan looks more healthy.
You block the spriggan's attack. The spriggan hits you with a dagger.
* * * LOW HITPOINT WARNING * * *
The spriggan hits you with a dagger!
You die...

Action                   |  1- 3 |  4- 6 || total
-------------------------+-------+-------++-------
Melee: Dagger            |    54 |   169 ||   223
       Bite              |    10 |    50 ||    60
 Fire: Blowgun           |    12 |    16 ||    28
 Stab: Sleeping          |    13 |     9 ||    22
       Distracted        |     1 |       ||     1
  Eat: Chunk             |       |     6 ||     6
Armor: Robe              |    15 |    27 ||    42
Dodge: Dodged            |    19 |    81 ||   100
Block: Buckler           |       |    29 ||    29

Vault maps used:
D:1:      minmay_arrival_up_and_down, kennysheep_another_room,
          wad_floor_pattern_2, tso_metal_star
D:2:      lemuel_round_altar, first_bread, serial_bayou_pond_d,
          grunt_ministairs_3, minmay_misc_feat_chi, uniq_crazy_yiuf_cottage,
          uniq_terence
D:3:      lemuel_coloured_pillars_altar, minmay_overflow_temple_star_hex,
          overflow_temple_1_default
D:4:      lemuel_crystal_altar, bloody_trog, minmay_temple_entry_overgrown,
          corexii_item_surrounded_by_moat, kennysheep_generic_room_10,
          uniq_natasha
D:5:      forest_paths

Notes
Turn   | Place    | Note
--------------------------------------------------------------
     0 | D:1      | zeroDi the Vine Stalker Assassin began the quest for the Orb.
     0 | D:1      | Reached XP level 1. HP: 11/11 MP: 2/2
     8 | D:1      | Reached skill level 2 in Short Blades
    67 | D:1      | Reached XP level 2. HP: 14/15 MP: 3/3
   156 | D:1      | Found a glowing golden altar of the Shining One.
   167 | D:1      | Reached skill level 3 in Short Blades
   223 | D:1      | Reached XP level 3. HP: 18/18 MP: 4/4
   871 | D:2      | Noticed Terence
   905 | D:2      | Killed Terence
   905 | D:2      | Reached XP level 4. HP: 21/23 MP: 5/5
   933 | D:2      | Reached skill level 4 in Short Blades
  1023 | D:2      | Found a basalt altar of Yredelemnul.
  1187 | D:2      | Noticed Crazy Yiuf
  1206 | D:2      | Killed Crazy Yiuf
  1206 | D:2      | Reached XP level 5. HP: 26/26 MP: 6/6
  1683 | D:3      | Found a blossoming altar of Fedhas.
  1738 | D:3      | Found a burning altar of Makhleb.
  1796 | D:3      | Reached skill level 5 in Short Blades
  2012 | D:3      | Reached skill level 5 in Stealth
  2019 | D:3      | Found a shadowy altar of Dithmenos.
  2160 | D:3      | Found an iron altar of Okawaru.
  2160 | D:3      | Found an opulent altar of Gozag.
  2168 | D:3      | Became a worshipper of Warmaster Okawaru
  2171 | D:3      | Found an oddly glowing altar of Pakellas.
  2175 | D:3      | Found a deep blue altar of Sif Muna.
  2264 | D:4      | Gained mutation: You heal very quickly. [Vine Stalker growth]
  2264 | D:4      | Reached XP level 6. HP: 28/30 MP: 7/7
  2330 | D:4      | Reached skill level 6 in Stealth
  2472 | D:4      | Found a stormy altar of Qazlal.
  2497 | D:4      | Found a staircase to the Ecumenical Temple.
  2499 | D:4      | Noticed a phantom
  2540 | D:5      | Entered Level 5 of the Dungeon
  2540 | D:5      | Noticed ThereIsNoGod's ghost (novice OpAs)
  2667 | D:5      | Reached skill level 7 in Stealth
  2729 | D:5      | Noticed a spriggan
  2770 | D:5      | HP: 3/30 [spriggan/dagger (7)]
  2779 | D:5      | HP: 1/30 [spriggan/dagger (4)]
  2780 | D:5      | Mangled by a spriggan

Vanquished Creatures
  A scorpion (D:4)
  A hound (D:4)
  A centaur skeleton (D:5)
  An iguana (D:5)
  Crazy Yiuf (D:2)
  Terence (D:2)
  2 worker ants (D:4)
  6 adders
  3 oozes
  A worm (D:2)
  7 dart slugs
  4 orcs
  3 giant cockroaches
  8 goblins
  5 hobgoblins
  4 jackals
  3 kobolds
  A quokka (D:3)
  9 bats
  A giant gecko skeleton (D:4)
  2 giant newts (D:4)
  8 rats
73 creatures vanquished.
